 Dungeon Crawl Stone Soup version 0.27.1 (webtiles) character file.

Game seed: 12850613264555371600

42 ZARRMARR the Chiller (level 3, 0/24 HPs)
             Began as a Merfolk Ice Elementalist on Aug 28, 2021.
             Killed from afar by Natasha (8 damage)
             ... with a magic dart
             ... on level 2 of the Dungeon.
             The game lasted 00:05:03 (1223 turns).

ZARRMARR the Chiller (Merfolk Ice Elementalist)     Turns: 1223, Time: 00:05:04

Health: 0/24       AC:  3    Str:  8    XL:     3   Next: 54%
Magic:  6/6        EV: 12    Int: 15    God:
Gold:   21         SH:  0    Dex: 14    Spells: 5/6 levels left

rFire    . . .     SeeInvis .   b - +0 dagger
rCold    . . .     Faith    .   (no shield)
rNeg     . . .     Spirit   .   a - +0 robe
rPois    .         Reflect  .   (no helmet)
rElec    .         Harm     .   (no cloak)
rCorr    .         Rampage  .   c - +0 pair of gloves
Will     .....                  (no boots)
Stlth    ++........             (no amulet)
HPRegen  0.08/turn              (no ring)
MPRegen  0.10/turn              (no ring)

@: no status effects
A: (nimble swimmer 2), mertail
a: no special abilities


You were on level 2 of the Dungeon.
You visited 1 branch of the dungeon, and saw 2 of its levels.

You collected 21 gold pieces.

Inventory:

Hand Weapons
 b - a +0 dagger (weapon)
Missiles
 d - 3 datura-tipped darts
 h - 3 boomerangs (quivered)
Armour
 a - a +0 robe (worn)
 c - a +0 pair of gloves (worn)
Scrolls
 f - a scroll of enchant armour {unknown}
Potions
 g - a potion of magic {unknown}


   Skills:
 - Level 2.6 Dodging
 - Level 2.1 Stealth
 - Level 2.0 Spellcasting
 + Level 5.7 Ice Magic


You had 5 spell levels left.
You knew the following spells:

 Your Spells              Type           Power      Damage    Failure   Level
a - Freeze                Ice            72%        1d9       1%          1

Your spell library contained the following spells:

 Spells                   Type           Power      Damage    Failure   Level
 Frozen Ramparts          Ice            36%        1d5       6%          3
 Ozocubu's Armour         Ice            18%        N/A       6%          3
 Ensorcelled Hibernation  Hex/Ice        20%        N/A       11%         2
 Corona                   Hex            1%         N/A       22%         1
 Tukima's Dance           Hex            1%         N/A       54%         3
 Hailstorm                Conj/Ice       10%        3d5       56%         4


Dungeon Overview and Level Annotations

Branches:
Dungeon (2/15)

Altars:

Annotations:
D:2 Natasha


Innate Abilities, Weirdness & Mutations

((You are quick and stealthy near water. (Stealth+, EV+, Speed+++)))
Your lower body shifts to a powerful aquatic tail in water.


Message History

Natasha claws you.
Unknown command.
You are confused.
You feel invigorated. Natasha completely misses you.
You bump into the rock wall.
Natasha completely misses you.
You barely miss Natasha.
Natasha is moderately wounded.
Natasha mumbles some strange words.
You feel disoriented. Natasha closely misses you.
You're too confused to move!
Natasha claws you but does no damage. Natasha claws you.
You're too confused to move!
Natasha claws you.
You're too confused to move!
Natasha stares at you and mumbles some strange words.
The magic dart hits you.
You bump into the rock wall.
You feel less invigorated.
You feel less confused. Natasha claws you.
You barely miss Natasha.
Natasha is moderately wounded.
Natasha casts a spell.
You closely miss Natasha.
Natasha is moderately wounded.
Natasha casts a spell.
You hit Natasha.
Natasha is heavily wounded.
Natasha claws you!
You hit Natasha but do no damage.
Natasha is heavily wounded.
Natasha closely misses you.
You barely miss Natasha.
Natasha is heavily wounded.
Natasha claws you.
* * * LOW HITPOINT WARNING * * *
You hit Natasha but do no damage.
Natasha is heavily wounded.
Natasha casts a spell at you. The magic dart hits you!
You die...

.......
#.....######
#.....#.h5.#
#.....#@#5.....
#.....#.# .....
#.....#.# ....
#.....#.# ...
###.....#.# ..
#......)..# #
####.#.....###
#..........#
#..........#


You could see Natasha and a crimson imp (summoned).

Vanquished Creatures
  An adder (D:2)
  A bat (D:1)
  4 endoplasms (D:1)
  A giant cockroach (D:1)
  6 goblins (D:1)
  3 hobgoblins
  6 kobolds
  2 frilled lizards (D:1)
  5 rats (D:1)
29 creatures vanquished.

Notes
Turn   | Place    | Note
-------+----------+-------------------------------------------
     0 | D:1      | ZARRMARR the Merfolk Ice Elementalist began the quest for
                  | the Orb.
     0 | D:1      | Reached XP level 1. HP: 13/13 MP: 3/3
   222 | D:1      | Reached XP level 2. HP: 17/19 MP: 3/5
   358 | D:1      | Reached skill level 5 in Ice Magic
   816 | D:1      | Reached XP level 3. HP: 24/24 MP: 6/6
  1040 | D:1      | Found a faded altar of an unknown god.
  1202 | D:2      | Noticed Natasha
  1223 | D:2      | Killed from afar by Natasha

Illustrated notes

Levels and vault maps discovered:
D:1:      lemuel_arrival_room, layout_loops_ring,
          shapermc_ecumenical_altar_mp_highgroup
D:2:      layout_basic, minmay_curled_crystal, uniq_natasha

Skill      XL: |  1  2 |
---------------+-------+-----
Ice Magic      | 5 |  5.7
Dodging        | |  2.6
Stealth        | |  2.1
Spellcasting   | |  2.0

Action                   || total
-------------------------++-------
Melee: Unarmed           ||     6
       Dagger            ||     7
Throw: Boomerang         ||    20
 Cast: Freeze            ||    40
  Use: Scroll            ||     2
       Potion            ||     1
Armor: Robe              ||     8
Dodge: Dodged            ||    21
